PCL
TACOMA RAINIERS @ ALBUQUERQUE ISOTOPES
04/23/2099
 
TOP OF THE 1ST
Tacoma Rainiers batting - Pitching for Albuquerque Isotopes : RHP Jake Lutz
Pitching: RHP Jake Lutz
Batting: RHB Sean Boyd 0-0: Ground out 1-3 (Groundball, 15, EV 75.0 MPH)
Batting: RHB Alan Burdett 0-0: Called Strike
0-1: Called Strike
0-2: Ball
1-2: Ball
2-2: Ball
3-2: Ground out 6-3 (Groundball, 6, EV 86.3 MPH)
Batting: RHB Dan Shell 0-0: Foul Ball, location: 2F
0-1: Swinging Strike
0-2: Foul Ball, location: 25FF
0-2: Foul Ball, location: 9LMF
0-2: Ball
1-2: Fly out, F8 (Flyball, 8LXD, EV 101.9 MPH)
Top of the 1st over - 0 runs, 0 hits, 0 errors, 0 left on base; Tacoma 0 - Albuquerque 0
BOTTOM OF THE 1ST
Albuquerque Isotopes batting - Pitching for Tacoma Rainiers : RHP David Morse
Pitching: RHP David Morse
Batting: RHB Bill Larimer 0-0: Swinging Strike
0-1: Foul Ball, location: 5FF
0-2: Ball
1-2: DOUBLE (Flyball, 8LXD, EV 91.9 MPH)
Batting: RHB Hector Gonzales 0-0: Ball
1-0: Ball
2-0: Called Strike
2-1: Called Strike
2-2: Foul Ball, location: 9LMF
2-2: Ball
3-2: SINGLE (Groundball, 6MD, EV 98.1 MPH)
Bill Larimer to third
Runner from 3rd tries for Home, throw by CF and OUT! 8-2
Batting: SHB Jon Coverly 0-0: Called Strike
0-1: Called Strike
0-2: Fly out, F9 (Flyball, 9, EV 79.4 MPH)
Batting: RHB Hugo Sanchez 0-0: Ball
1-0: Foul Ball, location: 5FF
1-1: Fly out, F7 (Flyball, S2, EV 110.0 MPH)
Bottom of the 1st over - 0 runs, 2 hits, 0 errors, 1 left on base; Tacoma 0 - Albuquerque 0
TOP OF THE 2ND
Tacoma Rainiers batting - Pitching for Albuquerque Isotopes : RHP Jake Lutz
Batting: RHB Rick Norman 0-0: Ground out 1-3 (Groundball, 13S, EV 66.3 MPH)
Batting: RHB John Ramirez 0-0: Foul Ball, location: 9LMF
0-1: SINGLE (Line Drive, 34D, EV 98.1 MPH)
Batting: RHB Jim Unknown 0-0: Ball
1-0: Ball
2-0: Called Strike
2-1: Called Strike
2-2: Ball
3-2: Foul Ball, location: 2F
3-2: Foul Ball, location: 2F
3-2: Foul Ball, location: 2F
3-2: Fly out, F8 (Flyball, 8LD, EV 110.6 MPH)
Batting: SHB Jim Unknown 0-0: Called Strike
0-1: Foul Ball, location: 2F
0-2: TRIPLE (Flyball, 78XD, EV 100.6 MPH)
John Ramirez scores
Batting: RHB Jim Unknown 0-0: Fly out, F8 (Flyball, 8RM, EV 95.0 MPH)
Top of the 2nd over - 1 run, 2 hits, 0 errors, 1 left on base; Tacoma 1 - Albuquerque 0
BOTTOM OF THE 2ND
Albuquerque Isotopes batting - Pitching for Tacoma Rainiers : RHP David Morse
Batting: LHB Matt Fahey 0-0: Called Strike
0-1: Swinging Strike
0-2: Foul Ball, location: 2F
0-2: Foul Ball, location: 25F
0-2: Ball
1-2: Strikes out swinging
Batting: RHB Benny Scanlon 0-0: Ball
1-0: Ground out 5-3 (Groundball, 56S, EV 88.8 MPH)
Batting: LHB Roberto Velasco 0-0: Called Strike
0-1: Ball
1-1: Ball
2-1: Ground out 2-3 (Groundball, 15S, EV 82.5 MPH)
Bottom of the 2nd over - 0 runs, 0 hits, 0 errors, 0 left on base; Tacoma 1 - Albuquerque 0
TOP OF THE 3RD
Tacoma Rainiers batting - Pitching for Albuquerque Isotopes : RHP Jake Lutz
Batting: RHB Jim Unknown 0-0: Ball
1-0: Called Strike
1-1: Ball
2-1: Ball
3-1: Base on Balls
Batting: RHB Sean Boyd 0-0: Ball
1-0: Called Strike
1-1: Called Strike
1-2: Strikes out swinging
Batting: RHB Alan Burdett 0-0: Fly out, F7 (Flyball, 7S, EV 90.0 MPH)
Batting: RHB Dan Shell 0-0: Called Strike
0-1: Called Strike
0-2: Ball
1-2: Foul Ball, location: 5FF
1-2: Ball
2-2: Foul Ball, location: 2F
2-2: Ball
3-2: Base on Balls
Jim Unknown to second
Batting: RHB Rick Norman 0-0: Ball
1-0: Ball
2-0: Foul Ball, location: 9LMF
2-1: Ball
3-1: Fly out, F9 (Line Drive, 89M, EV 95.6 MPH)
Top of the 3rd over - 0 runs, 0 hits, 0 errors, 2 left on base; Tacoma 1 - Albuquerque 0
BOTTOM OF THE 3RD
Albuquerque Isotopes batting - Pitching for Tacoma Rainiers : RHP David Morse
Batting: LHB Dan McRae 0-0: Called Strike
0-1: Swinging Strike
0-2: Ball
1-2: Foul Ball, location: 25F
1-2: SINGLE (Groundball, 6MD, EV 106.3 MPH) (infield hit)
Batting: LHB Cheh Luo 0-0: Ball
1-0: Ball
2-0: Bunt missed!
2-1: Bunt missed!
2-2: Ball
3-2: SINGLE (Flyball, 78S, EV 104.4 MPH)
Dan McRae to second
Batting: RHB Bill Larimer 0-0: Ball
1-0: SINGLE (Line Drive, 6M, EV 99.4 MPH)
Dan McRae to third
Cheh Luo to second
Batting: RHB Hector Gonzales 0-0: Ball
1-0: Called Strike
1-1: Called Strike
1-2: Ball
2-2: Ball
3-2: Foul Ball, location: 3SF
3-2: Base on Balls
Dan McRae scores
Cheh Luo to third
Bill Larimer to second
Batting: SHB Jon Coverly 0-0: Ball
1-0: Ball
2-0: DOUBLE (Line Drive, 9LS, EV 97.5 MPH)
Cheh Luo scores
Bill Larimer scores
Hector Gonzales to third
Runner from 3rd tries for Home, SAFE, no throw by RF
Batting: RHB Hugo Sanchez 0-0: Ball
1-0: Called Strike
1-1: Ball
2-1: Foul Ball, location: 2F
2-2: SINGLE (Line Drive, 34, EV 98.1 MPH)
Jon Coverly to third
Runner from 3rd tries for Home, SAFE, throw by RF to home
Hugo Sanchez to second
Pitching: RHP Jim Unknown
Batting: LHB Matt Fahey 0-0: Called Strike
0-1: Foul Ball, location: 7LSF
0-2: Ball
1-2: SINGLE (Line Drive, 89S, EV 91.9 MPH)
Hugo Sanchez to third
Batting: RHB Benny Scanlon 0-0: Called Strike
0-1: SINGLE (Line Drive, 7S, EV 100.6 MPH)
Hugo Sanchez scores
Matt Fahey to second
Batting: LHB Roberto Velasco 0-0: Called Strike
0-1: Called Strike
0-2: Ball
1-2: Ball
Wild Pitch!
Matt Fahey to third
Benny Scanlon to second
2-2: Ball
3-2: Fly out, F8 (Line Drive, 8LM, EV 92.5 MPH)
Runner from 3rd tags up, SCORES, throw by CF
Benny Scanlon to third
Batting: LHB Dan McRae 0-0: Ball
1-0: Swinging Strike
1-1: Ball
2-1: Called Strike
2-2: SINGLE (Line Drive, 4M, EV 96.3 MPH)
Benny Scanlon scores
Batting: LHB Cheh Luo 0-0: Called Strike
Dan McRae steals 2nd base
0-1: Foul Ball, location: 3FF
0-2: Foul Ball, location: 2F
0-2: Ball
1-2: Foul Ball, location: 2F
1-2: Ball
2-2: Ball
3-2: Base on Balls
Batting: RHB Bill Larimer 0-0: Ball
1-0: Ball
2-0: Grounds into double play, 4-6-3 (Groundball, 4, EV 83.8 MPH)
Bottom of the 3rd over - 8 runs, 8 hits, 0 errors, 1 left on base; Tacoma 1 - Albuquerque 8
TOP OF THE 4TH
Tacoma Rainiers batting - Pitching for Albuquerque Isotopes : RHP Jake Lutz
Batting: RHB John Ramirez 0-0: Ball
1-0: Ground out 3-1 (Groundball, 34S, EV 91.3 MPH)
Batting: RHB Jim Unknown 0-0: Ball
1-0: Called Strike
1-1: Swinging Strike
1-2: Strikes out swinging
Batting: SHB Jim Unknown 0-0: Called Strike
0-1: Swinging Strike
0-2: Foul Ball, location: 3DF
0-2: Ball
1-2: Strikes out swinging
Top of the 4th over - 0 runs, 0 hits, 0 errors, 0 left on base; Tacoma 1 - Albuquerque 8
BOTTOM OF THE 4TH
Albuquerque Isotopes batting - Pitching for Tacoma Rainiers : RHP Jim Unknown
Batting: RHB Hector Gonzales 0-0: Foul Ball, location: 5F
0-1: Ball
1-1: Swinging Strike
1-2: Ball
2-2: Strikes out looking
Batting: SHB Jon Coverly 0-0: Foul Ball, location: 7LMF
0-1: Ball
1-1: Ball
2-1: Foul Ball, location: 2F
2-2: SINGLE (Line Drive, 7S, EV 100.6 MPH)
Batting: RHB Hugo Sanchez 0-0: Called Strike
0-1: Foul Ball, location: 9LMF
0-2: SINGLE (Line Drive, 8RS, EV 100.6 MPH)
Jon Coverly to second
Batting: LHB Matt Fahey 0-0: Ball
1-0: Called Strike
1-1: Ball
2-1: Foul Ball, location: 7LSF
2-2: 3-RUN HOME RUN (Flyball, 8LXD, EV 106.9 MPH), Distance : 434 ft
Pitching: RHP Chris Killman
Batting: RHB Benny Scanlon 0-0: Ball
1-0: Ball
2-0: Ball
3-0: Called Strike
3-1: Base on Balls
Batting: LHB Roberto Velasco 0-0: Fielders Choice at 2nd, 3-6 (Groundball, 3, EV 106.9 MPH)
Batting: LHB Dan McRae 0-0: Called Strike
0-1: Fly out, F8 (Line Drive, 8LM, EV 91.9 MPH)
Bottom of the 4th over - 3 runs, 3 hits, 0 errors, 1 left on base; Tacoma 1 - Albuquerque 11
TOP OF THE 5TH
Tacoma Rainiers batting - Pitching for Albuquerque Isotopes : RHP Jake Lutz
Batting: RHB Jim Unknown 0-0: Foul Ball, location: 7LSF
0-1: Swinging Strike
0-2: Fly out, F8 (Flyball, 8LD, EV 95.0 MPH)
Batting: RHB Jim Unknown 0-0: Swinging Strike
0-1: Swinging Strike
0-2: Ball
1-2: Strikes out swinging
Batting: RHB Sean Boyd 0-0: Foul Ball, location: 2F
0-1: Called Strike
0-2: Ball
1-2: Ball
2-2: SINGLE (Groundball, 6, EV 106.3 MPH) (infield hit)
Batting: RHB Alan Burdett 0-0: Called Strike
0-1: Ball
1-1: Ground out 4-3 (Groundball, 4, EV 81.9 MPH)
Top of the 5th over - 0 runs, 1 hit, 0 errors, 1 left on base; Tacoma 1 - Albuquerque 11
BOTTOM OF THE 5TH
Albuquerque Isotopes batting - Pitching for Tacoma Rainiers : RHP Chris Killman
Batting: LHB Cheh Luo 0-0: Called Strike
0-1: Ground out 3-1 (Groundball, 34, EV 104.4 MPH)
Batting: RHB Bill Larimer 0-0: Ball
1-0: Foul Ball, location: 2F
1-1: Swinging Strike
1-2: Ground out 5-3 (Groundball, 56S, EV 85.0 MPH)
Batting: RHB Hector Gonzales 0-0: Swinging Strike
0-1: Foul Ball, location: 2F
0-2: Ball
1-2: Ball
2-2: Ground out 6-3 (Groundball, 56, EV 81.9 MPH)
Bottom of the 5th over - 0 runs, 0 hits, 0 errors, 0 left on base; Tacoma 1 - Albuquerque 11
TOP OF THE 6TH
Tacoma Rainiers batting - Pitching for Albuquerque Isotopes : RHP Jake Lutz
Batting: RHB Dan Shell 0-0: Called Strike
0-1: Ball
1-1: Foul Ball, location: 7LSFF
1-2: Fly out, F7 (Flyball, 7, EV 83.8 MPH)
Batting: RHB Rick Norman 0-0: Ball
1-0: Called Strike
1-1: SOLO HOME RUN (Line Drive, 9D, EV 99.4 MPH), Distance : 410 ft
Batting: RHB John Ramirez 0-0: Swinging Strike
0-1: Swinging Strike
0-2: Foul Ball, location: 3FF
0-2: Foul Ball, location: 3F
0-2: Ball
1-2: Ball
2-2: Ball
3-2: Foul Ball, location: 2F
3-2: SINGLE (Groundball, 13, EV 67.5 MPH) (infield hit)
Batting: RHB Jim Unknown 0-0: Fly out, F5 (Line Drive, 5, EV 70.6 MPH)
Batting: SHB Jim Unknown 0-0: Called Strike
0-1: Ball
John Ramirez steals 2nd base
1-1: Foul Ball, location: 2F
1-2: Ball
2-2: SINGLE (Groundball, 4S, EV 72.5 MPH) (infield hit)
John Ramirez to third
Batting: RHB Jim Unknown 0-0: Called Strike
0-1: Called Strike
0-2: Ball
1-2: Strikes out swinging
Top of the 6th over - 1 run, 3 hits, 0 errors, 2 left on base; Tacoma 2 - Albuquerque 11
BOTTOM OF THE 6TH
Albuquerque Isotopes batting - Pitching for Tacoma Rainiers : RHP Chris Killman
Batting: SHB Jon Coverly 0-0: Ball
1-0: Called Strike
1-1: Fly out, F4 (Popup, 4D, EV 57.5 MPH)
Batting: RHB Hugo Sanchez 0-0: Ball
1-0: Called Strike
1-1: Ground out 5-3 (Groundball, 5L, EV 88.1 MPH)
Batting: LHB Matt Fahey 0-0: Called Strike
0-1: Ball
1-1: Ball
2-1: SINGLE (Groundball, 34D, EV 96.9 MPH)
Batting: RHB Benny Scanlon 0-0: Ball
1-0: Ball
2-0: Fly out, F4 (Popup, 4S, EV 80.6 MPH)
Bottom of the 6th over - 0 runs, 1 hit, 0 errors, 1 left on base; Tacoma 2 - Albuquerque 11
TOP OF THE 7TH
Tacoma Rainiers batting - Pitching for Albuquerque Isotopes : RHP Jake Lutz
Batting: RHB Jim Unknown 0-0: Ground out 5-3 (Groundball, 5L, EV 86.9 MPH)
Pinch Hitting: RHB Jim Unknown 0-0: Ball
1-0: Called Strike
1-1: Called Strike
1-2: Foul Ball, location: 2RF
1-2: Foul Ball, location: 3F
1-2: Fly out, F8 (Flyball, 78M, EV 85.0 MPH)
Batting: RHB Alan Burdett 0-0: Ball
1-0: Called Strike
1-1: Swinging Strike
1-2: Ball
2-2: SINGLE (Line Drive, 9S, EV 98.8 MPH)
Batting: RHB Dan Shell 0-0: Ball
Alan Burdett steals 2nd base (no throw)
1-0: Foul Ball, location: 5F
1-1: SINGLE (Line Drive, 4MD, EV 98.8 MPH)
Alan Burdett to third
Runner from 3rd tries for Home, SAFE, throw by CF to home
Pitching: RHP Victor Merritt
Batting: RHB Rick Norman 0-0: Swinging Strike
0-1: Ball
1-1: 2-RUN HOME RUN (Flyball, 9LD, EV 93.8 MPH), Distance : 336 ft
Batting: RHB John Ramirez 0-0: Called Strike
0-1: Ground out 4-3 (Groundball, 4, EV 100.0 MPH)
Top of the 7th over - 3 runs, 3 hits, 0 errors, 0 left on base; Tacoma 5 - Albuquerque 11
BOTTOM OF THE 7TH
Albuquerque Isotopes batting - Pitching for Tacoma Rainiers : RHP Chris Killman
Now at 2B: Alan Burdett
Now at 3B: Jim Unknown
Now at SS: Jim Unknown
Batting: LHB Roberto Velasco 0-0: Ball
1-0: Called Strike
1-1: Ball
2-1: Fly out, F5 (Popup, 56S, EV 75.6 MPH)
Batting: LHB Dan McRae 0-0: Ground out 1-3 (Groundball, 13S, EV 64.4 MPH)
Batting: LHB Cheh Luo 0-0: Ball
1-0: Called Strike
1-1: Called Strike
1-2: Ball
2-2: Foul Ball, location: 2F
2-2: SINGLE (Line Drive, 78S, EV 105.6 MPH)
Batting: RHB Bill Larimer 0-0: Ball
1-0: Ball
2-0: Ball
3-0: Called Strike
3-1: Foul Ball, location: 2F
3-2: Base on Balls
Cheh Luo to second
Batting: RHB Hector Gonzales 0-0: Fly out, F9 (Flyball, 89S, EV 90.6 MPH)
Bottom of the 7th over - 0 runs, 1 hit, 0 errors, 2 left on base; Tacoma 5 - Albuquerque 11
TOP OF THE 8TH
Tacoma Rainiers batting - Pitching for Albuquerque Isotopes : RHP Victor Merritt
Batting: RHB Jim Unknown 0-0: Called Strike
0-1: Called Strike
0-2: Strikes out swinging
Batting: SHB Jim Unknown 0-0: Called Strike
0-1: Fly out, F9 (Flyball, 9, EV 81.3 MPH)
Batting: RHB Jim Unknown 0-0: Ball
1-0: Ball
2-0: Ball
3-0: Called Strike
3-1: Called Strike
3-2: Strikes out swinging
Top of the 8th over - 0 runs, 0 hits, 0 errors, 0 left on base; Tacoma 5 - Albuquerque 11
BOTTOM OF THE 8TH
Albuquerque Isotopes batting - Pitching for Tacoma Rainiers : RHP Chris Killman
Pitching: RHP Casey Pittman
Batting: SHB Jon Coverly 0-0: Foul Ball, location: 7LDF
0-1: Ball
1-1: Ground out 4-3 (Groundball, 4, EV 81.9 MPH)
Batting: RHB Hugo Sanchez 0-0: Ball
1-0: Ball
2-0: Called Strike
2-1: Called Strike
2-2: Foul Ball, location: 7LMF
2-2: Strikes out swinging
Batting: LHB Matt Fahey 0-0: Called Strike
0-1: Foul Ball, location: 7LMF
0-2: Ball
1-2: Strikes out looking
Bottom of the 8th over - 0 runs, 0 hits, 0 errors, 0 left on base; Tacoma 5 - Albuquerque 11
TOP OF THE 9TH
Tacoma Rainiers batting - Pitching for Albuquerque Isotopes : RHP Victor Merritt
Batting: RHB Jim Unknown 0-0: Ball
1-0: Ball
2-0: Called Strike
2-1: Called Strike
2-2: Strikes out swinging
Batting: RHB Jim Unknown 0-0: Called Strike
0-1: Foul Ball, location: 9LDF
0-2: Ball
1-2: Ball
2-2: Strikes out swinging
Batting: RHB Alan Burdett 0-0: Called Strike
0-1: DOUBLE (Line Drive, 3D, EV 94.4 MPH) - OUT at third base trying to stretch hit.
Top of the 9th over - 0 runs, 1 hit, 0 errors, 0 left on base; Tacoma 5 - Albuquerque 11
Wednesday, May 1st , 2024 - OOTP Baseball 24.11 Build 85